 Dungeon Crawl Stone Soup version 0.25.0-11-g1f837a76a1 (webtiles) character file.

Game seed: 14468803602896530765

104 guizzmo the Digger (level 4, -1/26 HPs)
             Began as a Gargoyle Earth Elementalist on June 25, 2020.
             Killed from afar by a bat (25 damage)
             ... with an exploding inner flame
             ... hexed by the player character
             ... on level 3 of the Dungeon.
             The game lasted 00:11:18 (2685 turns).

guizzmo the Digger (Gargoyle Earth Elementalist)    Turns: 2685, Time: 00:11:18

Health: -1/26      AC:  6    Str: 12    XL:     4   Next: 80%
Magic:  8/8        EV: 11    Int: 16    God:
Gold:   124        SH:  0    Dex: 10    Spells: 8/9 levels left

rFire    . . .     SeeInvis .   o - +0 short sword
rCold    . . .     Gourm    .   (no shield)
rNeg     + . .     Faith    .   n - +0 leather armour
rPois    ∞         Spirit   .   (no helmet)
rElec    +         Reflect  .   (no cloak)
rCorr    .         Harm     .   (no gloves)
MR       .....                  (no boots)
Stlth    +++.......             (no amulet)
HPRegen  0.08/turn              h - ring of stealth
MPRegen  0.11/turn              (no ring)

@: no status effects
A: negative energy resistance 1, electricity resistance, unbreathing,
petrification resistance, rot immunity, AC +3
a: no special abilities


You were on level 3 of the Dungeon.
You were hungry.

You visited 1 branch of the dungeon, and saw 3 of its levels.

You collected 124 gold pieces.

Inventory:

Hand Weapons
 o - a +0 short sword (weapon)
Missiles
 b - 105 stones (quivered)
Armour
 l - a +0 plate armour
 n - a +0 leather armour (worn)
Jewellery
 h - a ring of stealth (left hand)
Scrolls
 f - 2 scrolls of identify
 g - 2 scrolls of noise
Potions
 a - 4 potions of invisibility
 c - a potion of lignification {unknown}
 e - 3 potions of degeneration {unknown}
 k - a potion of stabbing {unknown}
 m - a potion of flight {unknown}
Comestibles
 d - 5 rations


   Skills:
 * Level 2.0 Fighting
 - Level 1.5 Dodging
 - Level 2.1 Stealth
 + Level 3.1 Spellcasting
   Level 0.7 Transmutations
 - Level 5.0 Earth Magic


You had 8 spell levels left.
You knew the following spells:

 Your Spells              Type           Power        Failure   Level  Hunger
a - Sandblast             Erth           ###...       3%          1    #......

Your spell library contained the following spells:

 Spells                   Type           Power        Failure   Level  Hunger
 Passwall                 Tmut/Erth      ##......     11%         2    ##.....
 Stone Arrow              Conj/Erth      ##....       26%         3    ###....
 Petrify                  Tmut/Erth      ##......     58%         4    #####..
 Lee's Rapid Deconstruct  Erth           ###.......   63%         5    ######.


Dungeon Overview and Level Annotations

Branches:
Dungeon (3/15)

Altars:
Ashenzari
Makhleb
The Shining One

Annotations:
D:2 1 runed translucent door, exclusion: door, Crazy Yiuf


Innate Abilities, Weirdness & Mutations

You are resistant to torment.
Your stone body is resilient. (AC +3)
You are immune to poison.
You resist negative energy. (rN+)
You are resistant to electric shocks. (rElec)
You can survive without breathing.
You are immune to petrification.
You are immune to rotting.


Message History

The bat hits you but does no damage. The bat closely misses you.
The jackal bites you but does no damage.
You hit the jackal.
You kill the jackal!
The bat hits you. The jackal barely misses you.
You closely miss the jackal. The bat closely misses you. The jackal bites you.
The jackal barely misses you.
You hit the jackal.
You kill the jackal!
The bat closely misses you.
You barely miss the bat. The bat hits you but does no damage.
An orc comes into view.
It is wielding a +0 hand axe of holy wrath.
The orc shouts!
You hear a shout!
The bat closely misses you. The bat barely misses you.
You hit the bat.
The bat explodes!
The fiery explosion engulfs you!!
Ouch! That really hurt!
You die...

#.........###
..##...........###
#..........>......
..................
#......o..........
.................
.................
####§§..........
#####§.@..........
#....§#§..........
.....#####...........
... #).#.######## .
##.##..# #...##.##
#....#..# #...<...#
######..#


You could see an orc.

Vanquished Creatures
  Jessica (D:2)
  2 adders (D:2)
  2 oozes
  4 dart slugs
  A leopard gecko (D:3)
  2 ball pythons
  2 giant cockroaches
  8 goblins
  7 hobgoblins
  2 jackals (D:3)
  4 bats
  A frilled lizard (D:2)
  2 kobolds
  6 rats
44 creatures vanquished.

Notes
Turn   | Place    | Note
-------+----------+-------------------------------------------
     0 | D:1      | guizzmo the Gargoyle Earth Elementalist began the quest for
                  | the Orb.
     0 | D:1      | Reached XP level 1. HP: 10/10 MP: 3/3
    16 | D:1      | Noticed a merfolk zombie
    18 | D:1      | Noticed a merfolk zombie
   559 | D:1      | Reached skill level 4 in Earth Magic
   559 | D:1      | Reached XP level 2. HP: 16/16 MP: 1/5
   861 | D:1      | Reached skill level 1 in Fighting
  1192 | D:2      | Noticed Jessica
  1193 | D:2      | ?? Jessica
  1283 | D:2      | Reached XP level 3. HP: 20/20 MP: 3/6
  1389 | D:2      | Found a burning altar of Makhleb.
  1681 | D:2      | Found a runed translucent door.
  1682 | D:2      | Noticed Crazy Yiuf
  1755 | D:2      | Reached XP level 4. HP: 25/25 MP: 4/8
  1816 | D:2      | Killed Jessica
  2182 | D:2      | Reached skill level 5 in Earth Magic
  2562 | D:2      | Found a glowing golden altar of the Shining One.
  2564 | D:2      | Found a shattered altar of Ashenzari.
  2685 | D:3      | Killed from afar by a bat

Illustrated notes

##. #.#
...####.#
........#
........#
........#
........####
........!..#
.......@...#
.......#.......
.##.##. .[.....
#. #. ##.....
+. ..... #.
.... #. ... .@
...


Turn 1193 on D:2: ?? Jessica

Levels and vault maps discovered:
D:1:      shiori_arrival_whats_in_store_for_you, layout_basic,
          nrook_loot_triangle
D:2:      cheibrodos_greedy_goblins, layout_basic,
          nicolae_overflow_hidden_temple, grunt_ministairs_13,
          uniq_crazy_yiuf_cottage, uniq_jessica
D:3:      layout_rooms, uniq_terence

Skill      XL: |  1  2  3  4 |
---------------+-------------+-----
Earth Magic    | 4 5 |  5.0
Fighting       | 1 2 |  2.0
Spellcasting   | 3 |  3.1
Dodging        | |  1.5
Stealth        | |  2.1
Transmutations | |  0.7

Action                   |  1- 3 |  4- 6 || total
-------------------------+-------+-------++-------
Melee: Unarmed           |    13 |       ||    13
       Short sword       |     1 |    11 ||    12
Throw: Stone             |       |     9 ||     9
 Cast: Sandblast         |    36 |    21 ||    57
  Use: Scroll            |       |     4 ||     4
 Stab: Sleeping          |     1 |       ||     1
  Eat: Chunk             |     3 |     2 ||     5
Armor: Robe              |    11 |       ||    11
       Leather armour    |     4 |    13 ||    17
Dodge: Dodged            |    19 |    15 ||    34
